 Dungeon Crawl Stone Soup version 0.19.5 (webtiles) character file.

227 JeffiDaFish the Shield-Bearer (level 6, -3/38 HPs)
             Began as a Gargoyle Fighter on Mar 26, 2017.
             Killed by divine providence
             ... invoked by an orc priest
              (17 damage)
             ... on level 4 of the Dungeon.
             The game lasted 00:07:03 (2956 turns).

JeffiDaFish the Shield-Bearer (Gargoyle Fighter)    Turns: 2956, Time: 00:07:03

Health: -3/38      AC: 23    Str: 19    XL:     6   Next: 2%
Magic:  6/6        EV:  5    Int:  9    God:
Gold:   263        SH: 10    Dex: 11    Spells: 0 memorised, 5 levels left

rFire  . . .     SeeInvis .     a - +0 flail
rCold  . . .     Gourm    .     m - +0 chain mail {rN+}
rNeg   + + .     Faith    .     c - +1 shield
rPois  ∞         Spirit   .     (no helmet)
rElec  +         Reflect  .     q - +2 cloak
rCorr  .         Harm     .     i - +2 pair of gloves
MR     .....                    e - +2 pair of boots
Stlth  ..........               (no amulet)
                                (no ring)
                                (no ring)

@: no status effects
A: negative energy resistance 1, electricity resistance, unbreathing,
petrification resistance, rot immunity, AC +4
a: no special abilities


You were on level 4 of the Dungeon.
You were not hungry.

You visited 1 branch of the dungeon, and saw 4 of its levels.

You collected 263 gold pieces.

Inventory:

Hand Weapons
 a - a +0 flail (weapon)
Armour
 c - a +1 shield (worn)
 e - a +2 pair of boots (worn)
 i - a +2 pair of gloves (worn)
 m - a +0 chain mail of positive energy (worn)
 q - a +2 cloak (worn)
Scrolls
 g - a scroll of amnesia
 j - 2 scrolls of identify
 k - a scroll of fog
 l - a scroll of enchant armour
 o - a scroll of remove curse
Potions
 d - 2 potions of might
Comestibles
 b - 2 fruits
 f - 3 bread rations
 h - a beef jerky
 n - a meat ration
 p - 3 chunks of flesh


   Skills:
 + Level 4.0 Fighting
 + Level 3.6 Maces & Flails
 + Level 4.2 Armour
 + Level 1.0 Dodging
 + Level 4.7 Shields


You had 5 spell levels left.
You didn't know any spells.

Dungeon Overview and Level Annotations

Branches:
Dungeon (4/15)
 Temple: D:4-7

Altars:


Innate Abilities, Weirdness & Mutations

You are resistant to torment.
Your stone body is resilient. (AC +4)
You are immune to poison.
You resist negative energy. (rN+)
You are resistant to electric shocks. (rElec)
You can survive without breathing.
You are immune to petrification.
You are immune to rotting.


Message History

The quokka bites you but does no damage.
You closely miss the quokka. The orc closely misses you.
The quokka bites you but does no damage.
You block the orc's attack. The orc hits you but does no damage.
You hit the quokka but do no damage.
The quokka bites you but does no damage.
You block the orc's attack. You block the quokka's attack.
The orc hits you but does no damage.
You closely miss the quokka.
The quokka bites you but does no damage.
The orc hits you but does no damage. x2
You hit the quokka.
The quokka is almost dead.
You block the quokka's attack. The orc hits you but does no damage. x2
The quokka bites you but does no damage.
You closely miss the orc. You block the quokka's attack.
The orc hits you with a mace. The orc hits you but does no damage.
The orc priest mumbles some strange prayers to Beogh against you.
Beogh smites you!
You die...

....... #.%.......
#########
#........#
.........
#.......##
........#
#........
#######.#
#.......# #.#
#.....o.# #.#
#....roo##### #.#
#@##...####### #.#
#.##...#.....# #.#
#.##...#.....# #.#
#.##...#.....###.#
#................#
####.........#####
#.......### #
#.......# #
#.......# #


You could see an orc priest, 2 orcs and a quokka.

Vanquished Creatures
  2 worker ants (D:4)
  3 gnolls (D:2)
  4 adders
  An ooze (D:3)
  3 worms (D:2)
  3 dart slugs
  2 leopard geckos (D:3)
  16 orcs
  4 giant cockroaches
  4 hobgoblins
  3 jackals (D:3)
  7 kobolds
  9 bats
  3 frilled lizards
  8 goblins
  7 rats
79 creatures vanquished.

Notes
Turn   | Place    | Note
-------+----------+-------------------------------------------
     0 | D:1      | JeffiDaFish the Gargoyle Fighter began the quest for the Orb.
     0 | D:1      | Reached XP level 1. HP: 14/14 MP: 1/1
   186 | D:1      | Reached XP level 2. HP: 17/19 MP: 2/2
   690 | D:2      | Reached XP level 3. HP: 23/23 MP: 3/3
  1133 | D:2      | Reached XP level 4. HP: 28/28 MP: 4/4
  1696 | D:3      | Reached XP level 5. HP: 31/33 MP: 5/5
  2785 | D:4      | Reached skill level 1 in Dodging
  2846 | D:4      | Reached XP level 6. HP: 38/38 MP: 6/6
  2956 | D:4      | Killed from afar by an orc priest

Skill      XL: |  1  2  3  4  5 |
---------------+----------------+-----
Shields        | 4 |  4.7
Maces & Flails | 3 |  3.6
Armour         | 4 |  4.2
Fighting       | 4 |  4.0
Dodging        | 1 |  1.0

Action                   |  1- 3 |  4- 6 || total
-------------------------+-------+-------++-------
Melee: Flail             |   134 |   214 ||   348
  Use: Scroll            |     5 |     3 ||     8
       Potion            |     2 |     3 ||     5
  Eat: Chunk             |     1 |     6 ||     7
Armor: Scale mail        |    97 |    46 ||   143
       Chain mail        |       |   126 ||   126
Dodge: Dodged            |    59 |    66 ||   125
Block: Shield            |    87 |   161 ||   248
